 Dungeon Crawl Stone Soup version 0.31-a0-965-g8a8ce12e04 (webtiles) character file.

Game seed: 16115750536389351395

193 porpoise the Shooter (level 6, -2/48 HPs)
             Began as a Human Hunter on Oct 27, 2023.
             Slain by a kobold brigand
             ... wielding a +0 club
              (4 damage)
             ... in a sewer.
             The game lasted 00:06:23 (2008 turns).

porpoise the Shooter (Human Hunter)                 Turns: 2008, Time: 00:06:25

Health: -2/48      AC:  3    Str: 12    XL:     6   Next: 2%
Magic:  6/6        EV: 12    Int:  9    God:
Gold:   36         SH:  0    Dex: 18    Spells: 5/5 levels left

rFire   . . .        a - +0 shortbow
rCold   . . .        (shield currently unavailable)
rNeg    . . .        c - +0 leather armour
rPois   .            (no helmet)
rElec   .            (no cloak)
rCorr   .            (no gloves)
SInv    .            (no boots)
Will    .....        (no amulet)
Stlth   ++           (no ring)
HPRegen 0.28/turn    (no ring)
MPRegen 0.10/turn

%: no passive effects
@: no status effects
A: no striking features
a: no special abilities


You were in a sewer.
You visited 1 branch of the dungeon, and saw 3 of its levels.
You also visited: Sewer.

You collected 36 gold pieces.

Inventory:

Hand Weapons
 a - a +0 shortbow (weapon)
 b - the +6 dagger "Xiazxya" {pain, Will+}
   (You found it on level 2 of the Dungeon)

   Will+:     It increases your willpower.
Missiles
 l - 3 poisoned darts
Armour
 c - a +0 leather armour (worn)
Magical Staves
 g - a staff of cold
Jewellery
 m - a ring of wizardry
 n - a ring of wizardry
Scrolls
 d - 5 scrolls of identify
 o - a scroll of butterflies
Potions
 e - a potion of mutation


   Skills:
 + Level 4.2 Fighting
 + Level 5.5 Ranged Weapons
 - Level 2.0 Dodging
 - Level 1.0 Stealth


You had 5 spell levels left.
You didn't know any spells.
Your spell library was empty.

Dungeon Overview and Level Annotations

Branches:
Dungeon (3/15)              Sewer (1/1)

Altars:


Message History

You shoot an arrow.
The arrow closely misses the kobold brigand.
You feel sick.
You are no longer poisoned.
The kobold brigand hits you with a +0 club. x2
You are too injured to fight recklessly!
You shoot an arrow. The arrow hits the kobold brigand.
The kobold brigand is heavily wounded.
The kobold brigand hits you with a +0 club.
* * * LOW HITPOINT WARNING * * *
You shoot an arrow.
The arrow hits the kobold brigand but does no damage.
The kobold brigand is heavily wounded.
The kobold brigand barely misses you.
The kobold brigand hits you with a +0 club.
* * * LOW HITPOINT WARNING * * *
You shoot an arrow.
The arrow barely misses the kobold brigand.
The kobold brigand closely misses you.
The kobold brigand hits you with a +0 club.
* * * LOW HITPOINT WARNING * * *
You shoot an arrow. The arrow hits the kobold brigand.
The kobold brigand is severely wounded.
The kobold brigand hits you with a +0 club.
* * * LOW HITPOINT WARNING * * *
You shoot an arrow.
The arrow hits the kobold brigand but does no damage.
The kobold brigand is severely wounded.
You feel yourself speed up.
The kobold brigand hits you with a +0 club!
* * * LOW HITPOINT WARNING * * *
The kobold brigand closely misses you.
Okay, then.
You shoot an arrow.
The arrow barely misses the kobold brigand.
The kobold brigand splashes around in the water.
You shoot an arrow. The arrow hits the kobold brigand.
The kobold brigand is almost dead.
The kobold brigand hits you with a +0 club.
You die...

~~.~#####.~~~~#
..# ##.~~.# ~#
##~..# #~~~#
#.~.# ##~~~##
#~~.~~# #~###~#
#@# #~# #K# #~#
~.~ ~~~
#~#~#~#~ #~ ~#~
~# #~ ~#~ ~# #?
.# ## ##


You could see a kobold brigand.

Vanquished Creatures
  Natasha (D:2)
  3 orc wizards (D:3)
  3 adders (D:2)
  An orc (D:3)
  2 ball pythons (D:1)
  9 bats
  5 endoplasms
  6 giant cockroaches
  8 goblins
  3 hobgoblins
  7 kobolds
  7 quokkas
  2 frilled lizards
  4 rats
61 creatures vanquished.

Notes
Turn   | Place    | Note
-------+----------+-------------------------------------------
     0 | D:1      | porpoise the Human Hunter began the quest for the Orb.
     0 | D:1      | Reached XP level 1. HP: 16/16 MP: 1/1
    64 | D:1      | Reached XP level 2. HP: 23/23 MP: 2/2
   206 | D:1      | Reached XP level 3. HP: 28/28 MP: 3/3
   330 | D:1      | Found a faded altar of an unknown god.
   769 | D:2      | Reached XP level 4. HP: 19/35 MP: 4/4
  1480 | D:2      | Noticed Natasha
  1513 | D:2      | Killed Natasha
  1514 | D:2      | Reached skill level 5 in Ranged Weapons
  1514 | D:2      | Reached XP level 5. HP: 42/42 MP: 5/5
  1562 | D:2      | Identified the +6 dagger "Xiazxya" {pain, Will+}
  1889 | D:3      | Reached XP level 6. HP: 48/48 MP: 6/6
  1922 | D:3      | Found a glowing drain.
  1926 | Sewer    | Entered a sewer
  2006 | Sewer    | HP: 2/48 [kobold brigand/+0 club (7)]
  2008 | Sewer    | Slain by a kobold brigand

Illustrated notes

Levels and vault maps discovered:
D:1:      dpeg_arrival_solitude, layout_rooms,
          shapermc_ecumenical_altar_flowoftime, minmay_quantized
D:2:      layout_basic, uniq_natasha
D:3:      layout_basic, lightli_temple_of_fire, gup_sewer_entry_bowl
Sewer:    sewer_co_tree

Skill      XL: |  1  2  3  4  5 |
---------------+----------------+-----
Fighting       | 3 4 |  4.2
Ranged Weapons | 5 |  5.5
Dodging        | |  2.0
Stealth        | |  1.0

Action                     |  1- 3 |  4- 6 || total
---------------------------+-------+-------++-------
  Melee: Shortbow          |       |     1 ||     1
   Fire: Shortbow          |   123 |   118 ||   241
    Use: Scroll            |     1 |     4 ||     5
         Potion            |       |     2 ||     2
 Armour: Leather armour    |    29 |    53 ||    82
         Skin              |       |     7 ||     7
  Dodge: Dodged            |    50 |    47 ||    97

Table legend: (Time is in decaauts)
 A = Elapsed time spent in this place.
 B = Non-inter-level travel time spent in this place.
 C = Inter-level travel time spent in this place.
 D = Time resting spent in this place.
 E = Time spent auto-exploring this place.
 F = Levels seen in this place.
 G = Mean time per level.
                   A        B        C        D        E       F      G
               +--------+--------+--------+--------+--------+-----+--------+
         Total |   2064 |   2005 |     59 |    578 |    908 |   4 |  516.0 |
       Dungeon |   1967 |   1908 |     59 |    533 |    880 |   3 |  655.7 |
         Sewer |     96 |     96 |      0 |     45 |     28 |   1 |   96.0 |
               +--------+--------+--------+--------+--------+-----+--------+

Top non-repeatable levels by time:
     D:2: 1045 daAuts
     D:1: 628 daAuts
     D:3: 294 daAuts
   Sewer: 96 daAuts
